 Dungeon Crawl Stone Soup version 0.30-a0-557-ge2afbf3030 (webtiles) character file.

Game seed: 15751580747783567617

202865 demibob the Warrior (level 17, -10/148 HPs)
             Began as a Demonspawn Gladiator on Dec 27, 2022.
             Was the Champion of Hepliaklqana.
             Mangled by a titanic slime creature (91 damage)
             ... summoned by a demonspawn corrupter
             ... in a wizard's laboratory.
             The game lasted 01:09:17 (32085 turns).

demibob the Warrior (Demonspawn Gladiator)         Turns: 32085, Time: 01:09:18

Health: -10/148    AC: 28    Str: 17    XL:     17   Next: 96%
Magic:  17/17      EV: 16    Int: 16    God:    Hepliaklqana [******]
Gold:   1389       SH:  9    Dex: 16    Spells: 16/16 levels left

rFire   + . .      SeeInvis .    a - +5 lajatang (vamp)
rCold   + + .      Faith    .    (shield currently unavailable)
rNeg    . . .      Spirit   .    M - +7 chain mail of Sloth {Slay+5}
rPois   +          Reflect  +    p - +2 helmet
rElec   .          Harm     .    e - scarf {rC+ rF+}
rCorr   .          Rampage  .    L - +0 pair of gloves
Will    +....                    x - +0 pair of boots of Hedonism {Slay+2} Stlth
                                 V - amulet of reflection
HPRegen 0.44/turn                Y - +4 ring of slaying
MPRegen 0.15/turn                I - ring of the Pure Portals {rPois rC++ EV+4}

@: corroded, studying Throwing, unable to drink
A: reduced essence, rugged brown scales 2, spiny 3, condensation shield,
weakness stinger 2, clever 1, poison resistance, shaggy fur 1, wild magic 1,
cold vulnerability 1, inability to drink after injury 1, devolution 1
}: 1/15 runes: serpentine
a: Renounce Religion, Recall Ancestor, Ancestor Identity, Transference, Idealise


You were in a wizard's laboratory.
You worshipped Hepliaklqana.
Hepliaklqana was exalted by your worship.
You visited 5 branches of the dungeon, and saw 27 of its levels.
You visited the Abyss 2 times.
You also visited: Sewer, Gauntlet, Ice Cave and Wizlab.

You collected 3564 gold pieces.
You spent 2175 gold pieces at shops.


Innate Abilities, Weirdness & Mutations

Your life essence is reduced to manifest your ancestor. (-10% HP)
You are mostly covered in rugged brown scales. (AC +2, +5% HP)
You are completely covered in sharp spines.
A meltable shield of frost defends you. (SH +4)
You have a tail ending in a sharp stinger.
Your mind is acute. (Int +4, Str/Dex -1)
Your system is resistant to poisons. (rPois)
You are covered in fur. (AC +1)
Your spells are a little harder to cast, but a little more powerful.
You are vulnerable to cold. (rC-)
You occasionally lose the ability to drink potions when taking damage.
You have hidden genetic defects.


   Skills:
 + Level 20.3 Fighting
 - Level 14.0 Staves
 - Level 1.7 Throwing
 + Level 18.2 Armour
 - Level 9.2 Dodging


You had 16 spell levels left.
You didn't know any spells.
Your spell library contained the following spells:

 Spells                   Type           Power      Damage    Failure   Level
 Kiss of Death            Conj/Necr      0%         2d5       86%         1
 Slow                     Hex            0%         N/A       86%         1
 Summon Small Mammal      Summ           0%         N/A       86%         1
 Blink                    Tloc           0%         N/A       95%         2
 Sublimation of Blood     Necr           0%         N/A       95%         2
 Wereblood                Tmut           0%         N/A       95%         2
 Call Canine Familiar     Summ           0%         N/A       99%         3
 Confusing Touch          Hex            0%         N/A       99%         3
 Dazzling Flash           Conj/Hex       0%         N/A       99%         3
 Gell's Gravitas          Tloc           0%         N/A       99%         3
 Inner Flame              Hex/Fire       0%         N/A       99%         3
 Portal Projectile        Hex/Tloc       0%         N/A       99%         3
 Summon Guardian Golem    Hex/Summ       0%         N/A       99%         3
 Teleport Other           Tloc           0%         N/A       99%         3
 Tukima's Dance           Hex            0%         N/A       99%         3
 Vampiric Draining        Necr           0%         2d6       99%         3
 Cause Fear               Hex            0%         N/A       100%        4
 Flame Wave               Conj/Fire      0%         2d4       100%        4
 Iskenderun's Mystic Bla  Conj/Tloc      0%         2d3       100%        4
 Leda's Liquefaction      Hex/Erth       0%         N/A       100%        4
 Manifold Assault         Tloc           0%         N/A       100%        4
 Passage of Golubria      Tloc           0%         N/A       100%        4
 Petrify                  Tmut/Erth      0%         N/A       100%        4
 Sticky Flame             Conj/Fire      0%         2d3       100%        4
 Summon Ice Beast         Ice/Summ       0%         N/A       100%        4
 Irradiate                Conj/Tmut      0%         3d11      100%        5
 Lightning Bolt           Conj/Air       0%         1d11      100%        5
 Summon Forest            Summ/Tloc      0%         N/A       100%        5
 Summon Mana Viper        Hex/Summ       0%         N/A       100%        5
 Yara's Violent Unravell  Hex/Tmut       0%         3d3       100%        5
 Dispersal                Tloc           0%         N/A       100%        6
 Starburst                Conj/Fire      0%         6d3       100%        6
 Summon Cactus Giant      Summ           0%         N/A       100%        6
 Dragon Form              Tmut           0%         N/A       100%        7
 Monstrous Menagerie      Summ           0%         N/A       100%        7
 Storm Form               Tmut/Air       0%         N/A       100%        7
 Summon Hydra             Summ           0%         N/A       100%        7
 Dragon's Call            Summ           0%         N/A       100%        9

Inventory:

Hand Weapons
 a - a +5 vampiric lajatang (weapon)
 b - a +1 lajatang of flaming
Missiles
 d - 3 throwing nets (quivered) {=f}
 N - 4 silver javelins
Armour
 e - a scarf of resistance (worn)
 j - +0 gold dragon scales
 p - a +2 helmet (worn)
 x - the +0 pair of boots of Hedonism (worn) {Slay+2}
   (You bought it in a shop on level 2 of the Orcish Mines)

   Slay:      It affects your accuracy & damage with ranged weapons and melee
   (+2).
 z - the +2 chain mail of Damp the Leaf {rPois Int+4}
   (You found it on level 8 of the Dungeon)

   Int:       It affects your intelligence (+4).
   rPois:     It protects you from poison.
 E - a +2 pair of boots of rampaging
 J - a +1 pair of boots of flying
 L - a +0 pair of gloves (worn)
 M - the +7 chain mail of Sloth (worn) {Slay+5}
   (You bought it in a shop on level 10 of the Dungeon)

   Slay:      It affects your accuracy & damage with ranged weapons and melee
   (+5).
Jewellery
 c - a ring of ice
 f - a ring of protection from fire
 v - a ring of see invisible
 y - an amulet of guardian spirit
 C - a ring of ice
 D - a +6 ring of dexterity
 F - a ring of fire
 H - an amulet of the acrobat
 I - the ring of the Pure Portals (right hand) {rPois rC++ EV+4}
   (You found it in a Gauntlet)

   [ring of evasion]

   EV:        It affects your evasion (+4).
   rC:        It greatly protects you from cold.
   rPois:     It protects you from poison.
 R - a ring of resist corrosion
 V - an amulet of reflection (around neck)
 Y - a +4 ring of slaying (left hand)
 Z - a ring of wizardry
Wands
 l - a wand of mindburst (19)
 r - a wand of roots (9)
 G - a wand of digging (8)
 K - a wand of quicksilver (4)
 O - a wand of charming (8)
 T - a wand of flame (19)
 X - a wand of polymorph (5)
Scrolls
 i - 2 scrolls of enchant armour
 m - 7 scrolls of fear
 q - 2 scrolls of blinking
 t - 6 scrolls of teleportation {@r2}
 u - a scroll of butterflies
 A - a scroll of brand weapon
 B - a scroll of amnesia
 Q - 4 scrolls of identify {@r1}
Potions
 h - 3 potions of cancellation
 k - a potion of resistance
 o - 5 potions of curing {@q1}
 s - 3 potions of invisibility
 P - 5 potions of flight
Miscellaneous
 g - a phial of floods
 n - a condenser vane
 S - a phantom mirror
 W - a box of beasts

Dungeon Overview and Level Annotations

Branches:
Dungeon (15/15)            Temple (0/1) D:6            Lair (5/5) D:9
  Swamp (0/4) Lair:2        Snake (4/4) Lair:2        Slime (0/5) Lair:5
    Orc (2/2) D:10            Elf (0/3) Orc:2        Vaults (1/5) D:13
 Depths (0/4) D:15          Sewer (visited)           IceCv (visited)
 WizLab (1/1)             Gauntlet (visited)

Altars:
Ashenzari
Fedhas
Hepliaklqana
Qazlal
Ru
Vehumet
Xom
Jiyva

Shops:
D:3 [   D:4 *   D:10 [(   D:11 [   Orc:2 [![!

Annotations:
D:8 3 runed translucent doors, themarg's ghost, journeyman DrCj
D:9 3 runed translucent doors, Cancer's ghost, novice GrEE
D:10 3 runed translucent doors
Orc:2 exclusion: oklob plant

+▒▒▒▒ ▒▒▒▒▒▒▒ ....+.
.'...▒ eee.▒.. ▒...▒
▒▒▒ ..6e▒ .. ▒.)J▒..:▒
▒▒▒§▒▒▒▒'▒▒+▒▒.R@6J.!▒
▒.§.!...!..'..)▒..?▒
▒..........▒...▒ .?▒
▒'▒▒▒▒▒▒▒▒'▒▒▒▒▒ ▒▒
▒▒▒....8.....▒...▒
..'..........▒...▒
..)..8....8..▒'▒▒▒
~.▒....!.....▒...▒
~.▒...!.8....'...▒


You could see the friendly Simosihle the knight, a demonspawn corrupter, a
titanic slime creature (summoned, ally target) and a rockslime (summoned).


Message History

The deep elf sorcerer is moderately wounded.
Simosihle hits the deep elf sorcerer with a +0 broad axe of flaming!
Simosihle burns the deep elf sorcerer.
Simosihle hits the titanic slime creature with a +0 broad axe of flaming!
Simosihle burns the titanic slime creature.
The deep elf sorcerer becomes larger for a moment.
The deep elf sorcerer is struck by your spines.
The deep elf sorcerer barely misses you.
The demonspawn corrupter invokes the aid of Lugonu against you.
The entropic weave corrodes you!
The titanic slime creature is struck by your spines.
The titanic slime creature closely misses you.
You slice the deep elf sorcerer!!
You feel better.
The deep elf sorcerer is almost dead.
Simosihle misses the deep elf sorcerer.
Simosihle hits the titanic slime creature with a +0 broad axe of flaming!
Simosihle burns the titanic slime creature.
You slice the deep elf sorcerer!!
You feel better.
You kill the deep elf sorcerer!
The titanic slime creature is struck by your spines.
The titanic slime creature misses you.
The demonspawn corrupter is struck by your spines.
The demonspawn corrupter barely misses you.
The demonspawn corrupter kicks you.
The titanic slime creature attacks as you move away!
The titanic slime creature is struck by your spines.
The titanic slime creature hits you!!!!
You feel threatened and lose the ability to drink potions!
Ouch! That really hurt!
You die...

Skill      XL: |  1  2  3  4  5  6  7  8  9 10 11 12 13 14 15 16 17 |
---------------+----------------------------------------------------+-----
Staves         | 3 4 5 6 7 9 11 13 14 | 14.0
Armour         | 1 7 9 11 13 15 16 18 | 18.2
Fighting       | 7 10 13 15 17 18 20 | 20.3
Dodging        | 8 9 |  9.2
Throwing       | |  1.7

Action                   |  1- 3 |  4- 6 |  7- 9 | 10-12 | 13-15 | 16-18 || total
-------------------------+-------+-------+-------+-------+-------+-------++-------
Melee: Quarterstaff      |   103 |    50 |   265 |   147 |       |       ||   565
       Lajatang          |       |       |       |   353 |  1017 |   628 ||  1998
       Tailslap          |       |       |       |    73 |   191 |   141 ||   405
Invok: Ancestor Life: Kn |       |     1 |       |       |       |       ||     1
       Recall Ancestor   |       |       |       |     2 |     8 |       ||    10
Evoke: Wand              |       |       |       |       |     8 |       ||     8
       Box of beasts     |       |       |       |       |       |     1 ||     1
  Use: Scroll            |     5 |     8 |     8 |     5 |    17 |     8 ||    51
       Potion            |       |     3 |       |     5 |    11 |    19 ||    38
 Stab: Sleeping          |     1 |     1 |       |       |       |       ||     2
       Distracted        |     1 |       |     1 |     4 |     6 |     6 ||    18
       Petrified         |       |       |       |       |     4 |       ||     4
       Confused          |       |       |       |       |       |     2 ||     2
Armor: Leather armour    |    27 |     8 |    32 |       |       |       ||    67
       Ring mail         |       |       |    19 |       |       |       ||    19
       Chain mail        |       |       |    10 |   194 |   475 |   284 ||   963
Dodge: Dodged            |    74 |    18 |   111 |   107 |   344 |   372 ||  1026
Block: Other             |     3 |    11 |    71 |   105 |   332 |   220 ||   742
       Reflection        |       |       |     4 |     1 |    24 |    28 ||    57

Levels and vault maps discovered:
D:1:      dpeg_arrival_rooms_b, layout_basic, minmay_splitting_lines
D:2:      layout_basic, hellmonk_ecumenical_altar_dog_temple, basic_altar
D:3:      layout_rooms, nicolae_tso_carved_into_rock, serial_shops, shop,
          hex_medium
D:4:      layout_loops_ring, kennysheep_little_box, serial_shops, shop,
          nicolae_zen_rock_garden
D:5:      layout_rooms, portal_sewer_entry_d, uniq_menkaure
D:6:      layout_gridville, temple_fountains, kennysheep_big_empty_room,
          uniq_edmund
D:7:      layout_gridville, kennysheep_generic_room_10
D:8:      layout_loops_ring, gammafunk_ghost_necromancy,
          small_statue_intersection, kennysheep_crisscross
D:9:      layout_rooms, nicolae_vehumet_radiance, gammafunk_ghost_ooze,
          chequers_serial_rivers_small_3, uniq_maurice, uniq_joseph
D:10:     layout_basic, nicolae_ru_awakened_eye, orc_david_3,
          ploomutoo_gammafunk_ghost_potion_laboratory, uniq_nergalle
D:11:     minmay_bloctagon_deflated, layout_cave_pools, serial_shops, shop,
          uniq_fannar
D:12:     layout_roguey
D:13:     layout_irregular_city, skrybe_vaults_entry_preservation,
          grunt_decor_clamped
D:14:     layout_gridville, gauntlet_entry_generic,
          nicolae_ashenzari_panopticon, uniq_lodul
D:15:     hangedman_depths_entry_try_elsewhere_first, layout_rooms,
          nicolae_lava_and_water, einodemon_armed_red_devil_minivault
Lair:1:   layout_misc_corridors
Lair:2:   layout_regular_city, minmay_swamp_entry_worms,
          minmay_snake_entry_guardpost_small, nicolae_volcano_entry_vermiform
Lair:3:   layout_cave_shapes
Lair:4:   layout_gridlike, basic_altar, worms_lemuel
Lair:5:   minmay_lair_end_frog_pond, layout_small_grid, slime_entry_1,
          special_room [special_room_mythical_zoo], roderic_batcave,
          nicolae_quartered_pool_medium, lemuel_fruit_tree, uniq_nessos
Snake:1:  layout_concentric_octagons
Snake:2:  layout_gridlike, portal_ice_cave_entry_pillars_2, uniq_vashnia
Snake:3:  layout_chambers, st_stairs_9, grunt_megastairs_3, uniq_nikola
Snake:4:  grunt_snake_rune_serpentine_throne, layout_cave_town
Orc:1:    layout_diamond_mine, nicolae_orc_crystal_geode, uniq_sonja,
          uniq_jorgrun
Orc:2:    st_orc_mages, layout_caves, mines3_lemuel
Vaults:1: mu_enter_wizlab_2, nicolae_vaults_branching_niches,
          vaults_dpeg_spiral, nicolae_vaults_ninety_degrees,
          ontoclasm_vaults_decontamination, ontoclasm_vaults_chip,
          nicolae_vaults_little_squares_3, vaults_dpeg_emergency_exit,
          v_rooms_4, nicolae_vaults_little_ls, layout_vaults_omnicross,
          serial_shops, nicolae_shop_statue_plus
WizLab:   wizlab_alistair

Notes
Turn   | Place    | Note
-------+----------+-------------------------------------------
     0 | D:1      | demibob the Demonspawn Gladiator began the quest for the
                  | Orb.
     0 | D:1      | Reached XP level 1. HP: 16/16 MP: 1/1
   214 | D:1      | Reached skill level 3 in Staves
   501 | D:2      | Gained mutation: You are partially covered in rugged brown
                  | scales. (AC +1, +3% HP) [demonic ancestry]
   501 | D:2      | Reached XP level 2. HP: 10/22 MP: 2/2
   668 | D:2      | Reached XP level 3. HP: 23/27 MP: 3/3
   684 | D:2      | Found a faded altar of an unknown god.
   712 | D:2      | Prayed at the altar of an unknown god.
   712 | D:2      | Became a worshipper of Hepliaklqana the Forgotten
   712 | D:2      | Reached * piety under Hepliaklqana
   724 | D:2      | Reached skill level 4 in Staves
  1042 | D:2      | Found a stormy altar of Qazlal.
  1381 | D:3      | Found Qaymub's Antique Armour Boutique.
  1777 | D:3      | Reached XP level 4. HP: 30/30 MP: 4/4
  1778 | D:3      | Reached ** piety under Hepliaklqana
  2017 | D:3      | Remembered your ancestor Simosihle as a knight
  2123 | D:4      | Noticed a gnoll sergeant
  2142 | D:4      | Killed a gnoll sergeant
  2143 | D:4      | Reached skill level 5 in Staves
  2143 | D:4      | Gained mutation: You are partially covered in sharp spines.
                  | [demonic ancestry]
  2143 | D:4      | Reached XP level 5. HP: 22/35 MP: 5/5
  2411 | D:4      | Found Pefor's Assorted Antiques.
  2475 | D:4      | Reached skill level 6 in Staves
  2847 | D:4      | Found a shimmering altar of Xom.
  3028 | D:5      | Entered Level 5 of the Dungeon
  3036 | D:5      | Reached XP level 6. HP: 13/40 MP: 6/6
  3153 | D:5      | Noticed Menkaure
  3154 | D:5      | Noticed a sky beast
  3157 | D:5      | Killed Menkaure
  3162 | D:5      | Killed a sky beast
  3163 | D:5      | Reached skill level 7 in Staves
  3163 | D:5      | Reached XP level 7. HP: 38/46 MP: 7/7
  3353 | D:5      | Found a glowing drain.
  3362 | Sewer    | Entered a sewer
  3482 | Sewer    | Reached skill level 8 in Staves
  3650 | Sewer    | Identified 2 potions of resistance
  3821 | D:5      | Reached skill level 9 in Staves
  3821 | D:5      | Reached XP level 8. HP: 49/52 MP: 8/8
  4206 | D:6      | Noticed Edmund
  4214 | D:6      | Killed Edmund
  4215 | D:6      | Reached skill level 10 in Staves
  4293 | D:6      | Reached *** piety under Hepliaklqana
  4861 | D:6      | Reached skill level 11 in Staves
  4882 | D:6      | Reached XP level 9. HP: 51/56 MP: 9/9
  4949 | D:6      | Found a staircase to the Ecumenical Temple.
  5224 | D:3      | Bought a transparent ring mail for 243 gold pieces
  5224 | D:3      | Identified the +1 ring mail of Noon {Int+4} (You bought it
                  | in a shop on level 3 of the Dungeon)
  5513 | D:7      | Reached skill level 12 in Staves
  5598 | D:7      | Identified the +1 leather armour "Axkyfaokh" {rPois}
  5841 | D:7      | Reached **** piety under Hepliaklqana
  6383 | D:8      | Reached skill level 13 in Staves
  6593 | D:8      | Found a runed translucent gate.
  6593 | D:8      | Found a runed translucent gate.
  6593 | D:8      | Found a runed translucent gate.
  6595 | D:8      | Noticed a spectral unseen horror
  6600 | D:8      | Noticed themarg's ghost (journeyman DrCj)
  6747 | D:8      | Identified the +2 chain mail of Damp the Leaf {rPois Int+4}
  6770 | D:8      | Noticed a manticore
  6785 | D:8      | Killed a manticore
  6786 | D:8      | Reached skill level 1 in Armour
  6814 | D:8      | Reached XP level 10. HP: 35/62 MP: 10/10
  7046 | D:8      | Reached skill level 2 in Armour
  7165 | D:9      | Found a staircase to the Lair.
  7175 | D:9      | Found a radiant altar of Vehumet.
  7211 | D:9      | Noticed a two-headed ogre
  7220 | D:9      | Killed a two-headed ogre
  7221 | D:9      | Reached skill level 3 in Armour
  7348 | D:9      | Noticed Maurice
  7367 | D:9      | Killed Maurice
  7378 | D:9      | Noticed Joseph
  7390 | D:9      | Killed Joseph
  7391 | D:9      | Reached skill level 4 in Armour
  7531 | D:9      | Noticed a gargoyle
  7551 | D:9      | Killed a gargoyle
  7662 | D:9      | Found a runed translucent gate.
  7662 | D:9      | Found a runed translucent gate.
  7662 | D:9      | Found a runed translucent gate.
  7663 | D:9      | Noticed Cancer's ghost (novice GrEE)
  7876 | D:9      | Found a viscous altar of Jiyva.
  7882 | Lair:1   | Entered Level 1 of the Lair of Beasts
  7908 | Lair:1   | Noticed an elephant
  7921 | Lair:1   | Killed an elephant
  7922 | Lair:1   | Noticed an elephant
  7922 | Lair:1   | Noticed an elephant
  7922 | Lair:1   | Noticed an elephant
  7923 | Lair:1   | Noticed an elephant
  7927 | Lair:1   | Noticed an elephant
  7933 | Lair:1   | Killed an elephant
  7934 | Lair:1   | Reached skill level 14 in Staves
  7934 | Lair:1   | Reached skill level 5 in Armour
  7939 | Lair:1   | Killed an elephant
  7940 | Lair:1   | Reached skill level 6 in Armour
  7971 | D:9      | Killed an elephant
  8003 | D:10     | Entered Level 10 of the Dungeon
  8068 | D:10     | Noticed Nergalle
  8083 | D:10     | Killed Nergalle
  8084 | D:10     | Reached skill level 7 in Armour
  8084 | D:10     | Gained mutation: You have a small tail. [demonic ancestry]
  8084 | D:10     | Reached XP level 11. HP: 63/66 MP: 11/11
  8122 | D:10     | Reached ***** piety under Hepliaklqana
  8226 | D:10     | Found Iridex's Weapon Shop.
  8230 | D:10     | Found a staircase to the Orcish Mines.
  8361 | D:10     | Found Ciygav's Armour Shop.
  8565 | D:10     | Found a sacrificial altar of Ru.
  8578 | D:10     | Reached skill level 3 in Fighting
  8744 | D:10     | Found a runed translucent gate.
  8744 | D:10     | Found a runed translucent gate.
  8744 | D:10     | Found a runed translucent gate.
  8744 | D:10     | Noticed a white ugly thing
  8744 | D:10     | Noticed a purple ugly thing
  8745 | D:10     | Noticed a green ugly thing
  8745 | D:10     | Noticed a green ugly thing
  8745 | D:10     | Noticed a red ugly thing
  8746 | D:10     | Noticed a glowing orange brain
  8748 | D:10     | Noticed a two-headed ogre
  8756 | D:10     | Killed a two-headed ogre
  9026 | D:10     | Bought a +1 lajatang of venom for 325 gold pieces
  9251 | Lair:1   | Reached skill level 4 in Fighting
  9251 | Lair:1   | Reached skill level 8 in Armour
  9330 | Lair:1   | Reached skill level 5 in Fighting
  9716 | Lair:1   | Reached skill level 6 in Fighting
  9720 | Lair:1   | Reached skill level 9 in Armour
 10072 | Lair:2   | You fall into a shaft and drop 2 floors!
 10150 | Lair:3   | Reached skill level 7 in Fighting
 10175 | Lair:3   | Gained mutation: A meltable shield of frost defends you.
                  | (SH +4) [demonic ancestry]
 10175 | Lair:3   | Reached XP level 12. HP: 16/84 MP: 12/12
 10421 | Lair:2   | Found a staircase to the Snake Pit.
 10559 | Lair:2   | Reached skill level 10 in Armour
 10700 | Lair:2   | Reached skill level 8 in Fighting
 11373 | Lair:2   | Found a staircase to the Swamp.
 12109 | Lair:3   | Reached skill level 9 in Fighting
 12175 | Lair:3   | Reached skill level 11 in Armour
 12753 | Lair:4   | Found a blossoming altar of Fedhas.
 13007 | Lair:4   | Reached skill level 10 in Fighting
 13168 | Lair:4   | Reached ****** piety under Hepliaklqana
 13492 | Lair:5   | Entered Level 5 of the Lair of Beasts
 13696 | Lair:5   | Gained mutation: You are mostly covered in rugged brown
                  | scales. (AC +2, +5% HP) [demonic ancestry]
 13696 | Lair:5   | Reached XP level 13. HP: 73/98 MP: 13/13
 13804 | Lair:5   | Reached skill level 12 in Armour
 13859 | Lair:5   | Found a staircase to the Slime Pits.
 13859 | Lair:5   | Found a viscous altar of Jiyva.
 13904 | Lair:5   | Reached skill level 11 in Fighting
 13932 | Lair:5   | Noticed Nessos
 13968 | Lair:5   | Killed Nessos
 14861 | Lair:5   | Reached skill level 12 in Fighting
 14862 | Lair:5   | Reached skill level 13 in Armour
 15133 | Lair:5   | Identified the +11 spear of Fayvol {heavy, rF+ Int+4 Dex+5}
 15134 | Lair:5   | Identified the +2 leather armour "Jouleib" {*Slow Str+4
                  | Dex+3}
 15441 | Orc:1    | Entered Level 1 of the Orcish Mines
 15571 | Orc:1    | You fall into a shaft and drop 1 floor!
 15571 | Orc:2    | Entered Level 2 of the Orcish Mines
 15620 | Orc:1    | Noticed Jorgrun
 15895 | Orc:1    | Noticed Sonja
 15897 | Orc:1    | You are cast into the Abyss!
 15897 | Abyss:1  | Cast into level 1 of the Abyss (Sonja)
 15940 | Abyss:1  | Noticed a starcursed mass
 15946 | Abyss:1  | Paralysed by accursed screaming for 1 turns
 15966 | Orc:1    | You pass through the gate.
 15966 | Orc:1    | Escaped the Abyss
 15968 | Orc:1    | Killed Sonja
 16116 | Orc:2    | Noticed an orc warlord
 16130 | Orc:2    | Found Oheruthu's Distillery.
 16150 | Orc:2    | Found Ihod's Armour Shop.
 16151 | Orc:2    | Found Inim's Antique Armour Boutique.
 16162 | Orc:2    | HP: 3/103 [orc priest/divine providence (11)]
 16435 | Orc:1    | Killed Jorgrun
 16483 | Orc:1    | Noticed an orc warlord
 16498 | Orc:1    | Killed an orc warlord
 16499 | Orc:1    | Reached skill level 13 in Fighting
 16508 | Orc:1    | Gained mutation: You have a tail ending in a sharp stinger.
                  | [demonic ancestry]
 16508 | Orc:1    | Reached XP level 14. HP: 72/112 MP: 14/14
 16696 | D:10     | Bought the +7 chain mail of Sloth {Slay+5} for 877 gold
                  | pieces
 16960 | D:11     | Noticed Fannar
 16968 | D:11     | Killed Fannar
 17056 | D:11     | Reached skill level 14 in Armour
 17120 | D:11     | Found Asotz's Antique Armour Shoppe.
 18643 | D:13     | Reached skill level 14 in Fighting
 19121 | D:13     | Found a gate to the Vaults.
 19121 | D:13     | Noticed an ironbound preserver
 19129 | D:13     | Killed an ironbound preserver
 19391 | D:13     | Identified a scarf of resistance
 19719 | Orc:2    | Found a staircase to the Elven Halls.
 19970 | Orc:2    | Killed an orc warlord
 19972 | Orc:2    | Reached skill level 15 in Armour
 20061 | Orc:2    | Found Kukeklin's Distillery.
 20068 | Orc:2    | Bought the +0 pair of boots of Hedonism {Slay+2} for 318
                  | gold pieces
 20089 | Orc:2    | Bought 2 potions of curing for 90 gold pieces
 20089 | Orc:2    | Bought a potion of curing for 45 gold pieces
 20089 | Orc:2    | Bought a potion of curing for 45 gold pieces
 20089 | Orc:2    | Bought a potion of invisibility for 120 gold pieces
 20090 | Orc:2    | Bought a potion of curing for 42 gold pieces
 20090 | Orc:2    | Bought a potion of berserk rage for 70 gold pieces
 20674 | D:11     | Paralysed by an ogre mage for 5 turns
 20846 | D:14     | Noticed Lodul
 20862 | D:14     | Killed Lodul
 20863 | D:14     | Reached skill level 15 in Fighting
 20893 | D:14     | Found a gate leading to a gauntlet.
 20911 | Gauntlet | Entered a Gauntlet
 20911 | Gauntlet | Found a large runed translucent door.
 20911 | Gauntlet | Found a large runed translucent door.
 20911 | Gauntlet | Found a large runed translucent door.
 20911 | Gauntlet | Found a transporter.
 20911 | Gauntlet | Found a large runed translucent door.
 20911 | Gauntlet | Found a runed translucent door.
 20911 | Gauntlet | Found a large runed translucent door.
 20911 | Gauntlet | Found a large runed translucent door.
 20911 | Gauntlet | Found a large runed translucent door.
 20911 | Gauntlet | Found a large runed translucent door.
 20911 | Gauntlet | Found a runed translucent gate.
 20911 | Gauntlet | Found a runed translucent gate.
 20911 | Gauntlet | Found a transporter.
 20911 | Gauntlet | Found a transporter.
 21026 | Gauntlet | Found a transporter.
 21028 | Gauntlet | Found a transporter.
 21035 | Gauntlet | Found a transporter.
 21037 | Gauntlet | Found a transporter.
 21044 | Gauntlet | Noticed a quicksilver ooze
 21045 | Gauntlet | Found a transporter.
 21063 | Gauntlet | Found a transporter.
 21068 | Gauntlet | Found a transporter.
 21071 | Gauntlet | Found a transporter.
 21081 | Gauntlet | Found a transporter.
 21132 | Gauntlet | Found a runed translucent gate.
 21133 | Gauntlet | Found a large runed translucent door.
 21133 | Gauntlet | Found a large runed translucent door.
 21134 | Gauntlet | Found a large runed translucent door.
 21135 | Gauntlet | Found a large runed translucent door.
 21136 | Gauntlet | Found a large runed translucent door.
 21136 | Gauntlet | Found a large runed translucent door.
 21136 | Gauntlet | Found a runed translucent door.
 21137 | Gauntlet | Found a large runed translucent door.
 21138 | Gauntlet | Found a large runed translucent door.
 21410 | Gauntlet | Identified the ring of the Pure Portals {rPois rC++ EV+4}
 21509 | Gauntlet | Gained mutation: You are mostly covered in sharp spines.
                  | [demonic ancestry]
 21509 | Gauntlet | Reached XP level 15. HP: 101/122 MP: 15/15
 21540 | D:14     | Reached skill level 3 in Dodging
 21716 | D:14     | Reached skill level 4 in Dodging
 21793 | D:14     | Found a broken altar of Ashenzari.
 22279 | D:15     | Entered Level 15 of the Dungeon
 22346 | D:15     | Found a staircase to the Depths.
 22615 | D:15     | Reached skill level 5 in Dodging
 23148 | Snake:1  | Entered Level 1 of the Snake Pit
 23408 | Snake:1  | Reached skill level 16 in Fighting
 23760 | Snake:1  | Reached skill level 6 in Dodging
 24066 | Snake:2  | Noticed a nagaraja
 24073 | Snake:2  | Killed a nagaraja
 24225 | Snake:2  | Found a frozen archway.
 24230 | IceCv    | Entered an ice cave
 24240 | IceCv    | Reached skill level 7 in Dodging
 24623 | IceCv    | Reached skill level 8 in Dodging
 24722 | IceCv    | Reached skill level 17 in Fighting
 24740 | IceCv    | Reached XP level 16. HP: 133/133 MP: 16/16
 24816 | IceCv    | Identified a +2 robe of resistance
 24843 | IceCv    | Noticed a shard shrike
 24886 | IceCv    | Killed a shard shrike
 25016 | IceCv    | Got the Book of the Mortuary and the Tempest
 25494 | Snake:2  | Noticed Vashnia
 25523 | Snake:2  | Killed Vashnia
 25524 | Snake:2  | Reached skill level 9 in Dodging
 26277 | Snake:3  | Noticed Nikola
 26288 | Snake:3  | Killed Nikola
 26561 | Snake:3  | Reached skill level 18 in Fighting
 27236 | Snake:3  | Reached skill level 16 in Armour
 27627 | Snake:4  | Entered Level 4 of the Snake Pit
 28741 | Snake:4  | Gained mutation: You are completely covered in sharp
                  | spines. [demonic ancestry]
 28741 | Snake:4  | Reached XP level 17. HP: 142/143 MP: 17/17
 28802 | Snake:4  | Reached skill level 19 in Fighting
 29163 | Snake:4  | Reached skill level 17 in Armour
 29652 | Snake:4  | Got a serpentine rune of Zot
 30001 | Vaults:1 | Entered Level 1 of the Vaults
 30337 | Vaults:1 | Found a magical portal.
 30443 | WizLab   | Entered Alistair's Party Mansion
 30635 | WizLab   | You are cast into the Abyss!
 30635 | Abyss:2  | Cast into level 2 of the Abyss (a wizard)
 30883 | Abyss:3  | Gained mutation: You occasionally lose the ability to drink
                  | potions when taking damage. [a neqoxec]
 30886 | Abyss:3  | Lost mutation: You occasionally lose the ability to drink
                  | potions when taking damage. [potion of mutation]
 30886 | Abyss:3  | Gained mutation: You occasionally lose the ability to drink
                  | potions when taking damage. [potion of mutation]
 30886 | Abyss:3  | Gained mutation: Your spells are a little easier to cast,
                  | but a little less powerful. [potion of mutation]
 30886 | Abyss:3  | Gained mutation: You have sharp toenails. [potion of
                  | mutation]
 30887 | Abyss:3  | Lost mutation: You have sharp toenails. [potion of
                  | mutation]
 30887 | Abyss:3  | Lost mutation: Your spells are a little easier to cast, but
                  | a little less powerful. [potion of mutation]
 30887 | Abyss:3  | Gained mutation: You are weak. (Str -2) [potion of
                  | mutation]
 30887 | Abyss:3  | Gained mutation: You occasionally shout uncontrollably at
                  | your foes. [potion of mutation]
 30887 | Abyss:3  | Gained mutation: You expend magic power (3 MP) to
                  | strengthen your wands. [potion of mutation]
 30888 | Abyss:3  | Lost mutation: You occasionally shout uncontrollably at
                  | your foes. [potion of mutation]
 30888 | Abyss:3  | Lost mutation: You are weak. (Str -2) [potion of mutation]
 30888 | Abyss:3  | Gained mutation: You are dopey. (Int -2) [potion of
                  | mutation]
 30888 | Abyss:3  | Gained mutation: You sometimes lose your temper in combat.
                  | [potion of mutation]
 30888 | Abyss:3  | Gained mutation: You are strong-willed. (Will+) [potion of
                  | mutation]
 30962 | Abyss:3  | Lost mutation: You are strong-willed. (Will+) [potion of
                  | mutation]
 30962 | Abyss:3  | Lost mutation: You are dopey. (Int -2) [potion of mutation]
 30962 | Abyss:3  | Lost mutation: You expend magic power (3 MP) to strengthen
                  | your wands. [potion of mutation]
 30962 | Abyss:3  | Gained mutation: Armour fits poorly on your strangely
                  | shaped body. [potion of mutation]
 30962 | Abyss:3  | Gained mutation: Your system is resistant to poisons.
                  | (rPois) [potion of mutation]
 30962 | Abyss:3  | Gained mutation: Your mind is acute. (Int +4, Str/Dex -1)
                  | [potion of mutation]
 30962 | Abyss:3  | Gained mutation: Your mind is very acute. (Int +8, Str/Dex
                  | -2) [potion of mutation]
 30963 | Abyss:3  | Lost mutation: Your system is resistant to poisons. (rPois)
                  | [potion of mutation]
 30963 | Abyss:3  | Lost mutation: Armour fits poorly on your strangely shaped
                  | body. [potion of mutation]
 30963 | Abyss:3  | Lost mutation: Your mind is very acute. (Int +8, Str/Dex
                  | -2) [potion of mutation]
 30963 | Abyss:3  | Lost mutation: You sometimes lose your temper in combat.
                  | [potion of mutation]
 30963 | Abyss:3  | Gained mutation: Your system is resistant to poisons.
                  | (rPois) [potion of mutation]
 30963 | Abyss:3  | Gained mutation: Your spells are a little harder to cast,
                  | but a little more powerful. [potion of mutation]
 30963 | Abyss:3  | Gained mutation: You are covered in fur. (AC +1) [potion of
                  | mutation]
 31178 | Abyss:3  | Reached skill level 20 in Fighting
 31193 | Abyss:3  | Noticed a lich
 31205 | Abyss:3  | Gained mutation: You are vulnerable to cold. (rC-) [a
                  | cacodemon]
 31211 | Abyss:3  | Killed a lich
 31213 | Abyss:3  | Gained mutation: You have hidden genetic defects. [a
                  | cacodemon]
 31392 | WizLab   | You pass through the gate.
 31392 | WizLab   | Escaped the Abyss
 31461 | WizLab   | Reached skill level 18 in Armour
 31526 | WizLab   | Noticed a deep elf blademaster
 32078 | WizLab   | Noticed an acid blob
 32078 | WizLab   | Noticed an acid blob
 32085 | WizLab   | Mangled by a titanic slime creature

Vanquished Creatures
  A shard shrike (IceCv)
  Vashnia (Snake:2)
  Nikola (Snake:3)
  Jorgrun (Orc:1)
  A lich (Abyss:3)
  An Executioner (Abyss:3)
  2 deep elf sorcerers (WizLab)
  9 nagarajas
  2 vault wardens (Vaults:1)
  2 orc warlords
  A demonspawn corrupter (WizLab)
  3 ironbound preservers
  Nessos (Lair:5)
  6 starcursed masses (Abyss:3)
  A white draconian (IceCv)
  A minotaur (Gauntlet)
  An ettin (WizLab)
  A deep elf high priest (WizLab)
  3 catoblepae
  4 hydras
  An ogre mage (D:11)
  A salamander tyrant (Snake:4)
  5 ironbound frosthearts
  4 centaur warriors
  3 vault guards (Vaults:1)
  2 boulder beetles
  13 anacondas
  4 two-headed ogres
  4 naga warriors
  A merfolk aquamancer (WizLab)
  12 naga sharpshooters
  4 orc high priests (Orc:2)
  4 shock serpents (Snake:3)
  3 thrashing horrors (Abyss:3)
  Nergalle (D:10)
  Sonja (Orc:1)
  2 hell knights (WizLab)
  A spriggan druid (WizLab)
  Lodul (D:14)
  8 naga ritualists
  5 salamander mystics
  A wretched star (Abyss:3)
  3 wizards (WizLab)
  An orange crystal statue (IceCv)
  A swamp dragon (WizLab)
  4 lindwurms
  2 orc knights
  A wolf spider (D:15)
  9 mana vipers
  3 deep elf pyromancers
  2 manticores
  An orc sorcerer (Orc:2)
  15 ugly things
  6 large abominations
  4 salamanders
  6 worldbinders (WizLab)
  2 cyclopes
  5 elephants
  5 guardian serpents (Snake:4)
  22 black mambas
  A water nymph (WizLab)
  2 gargoyles
  13 naga magi
  Joseph (D:9)
  2 smoke demons (Abyss:3)
  14 cane toads
  An efreet (D:15)
  An unseen horror (D:13)
  28 rime drakes
  2 freezing wraiths
  6 komodo dragons
  3 ancient zymes (Abyss:3)
  4 red devils (D:15)
  2 tyrant leeches
  A hornet (Lair:3)
  2 trolls
  14 polar bears
  11 blink frogs
  3 raiju (Abyss:3)
  13 slime creatures
  2 vampires
  7 wyverns
  2 centaur simulacra (Gauntlet)
  2 wraiths
  2 basilisks
  30 yaks
  2 fire bats (Abyss:3)
  11 vampire mosquitoes
  A neqoxec (Abyss:3)
  3 swamp worms (Lair:4)
  24 nagas
  3 steam dragons
  6 wargs
  2 acid dragons
  A hell hound (Lair:5)
  9 water moccasins
  A black bear (D:7)
  A black bear (shapeshifter) (D:13)
  3 sky beasts
  An ice beast (D:7)
  10 ogres
  28 orc warriors
  A boggart (D:11)
  4 centaurs
  4 wolves (Lair:1)
  A phantom (D:6)
  2 kobold brigands
  9 bullfrogs
  A gnoll sergeant (D:4)
  4 scorpions
  A hornet simulacrum (Gauntlet)
  6 wights
  8 small abominations
  A vampire bat (Lair:5)
  2 electric eels (Lair:5)
  3 howler monkeys
  2 jellies (D:5)
  A hound (D:5)
  28 orc priests
  5 hell rats (Lair:5)
  2 iguanas
  23 orc wizards
  5 gnolls (D:4)
  12 adders
  A river rat (Sewer)
  3 white imps
  An ufetubus (D:5)
  4 worms
  A dart slug (D:5)
  52 orcs
  11 ball pythons
  10 bats
  6 endoplasms
  2 giant cockroaches
  3 goblins
  2 hobgoblins (D:2)
  2 jackals (D:2)
  A quokka (D:5)
  3 frilled lizards
  7 kobolds
  14 rats (Sewer)
739 creatures vanquished.

Vanquished Creatures (collateral kills)
  A nagaraja (Snake:4)
  A dire elephant (D:15)
  Fannar (D:11)
  2 anacondas (Snake:3)
  A hydra (D:13)
  2 vault guards (Vaults:1)
  An ironbound frostheart (IceCv)
  A merfolk aquamancer (WizLab)
  A tengu warrior (D:13)
  A two-headed ogre (D:10)
  4 naga warriors
  5 naga sharpshooters
  A goliath frog (Lair:5)
  2 wizards
  A lindwurm (Lair:2)
  3 ugly things (IceCv)
  A cyclops (D:13)
  An orc sorcerer (Orc:2)
  A worldbinder (WizLab)
  Maurice (D:9)
  A salamander (Snake:2)
  4 black mambas
  An elephant (Lair:1)
  3 guardian serpents (Snake:4)
  A water nymph (WizLab)
  A naga mage (Snake:3)
  5 cane toads (Lair:5)
  An efreet (D:15)
  3 komodo dragons (Lair:5)
  A demonic crawler (Lair:4)
  2 tyrant leeches (Lair:5)
  3 trolls
  2 polar bears (IceCv)
  A raiju (Gauntlet)
  5 blink frogs
  2 slime creatures
  A vampire (D:11)
  4 wyverns (Lair:5)
  A yak (Lair:2)
  3 basilisks
  A wraith (D:13)
  2 golden eyes (WizLab)
  A vampire mosquito (Lair:5)
  2 small abominations (Gauntlet)
  Menkaure (D:5)
  3 wargs
  Edmund (D:6)
  A swamp worm (Lair:4)
  2 acid dragons
  A hell hound (Lair:5)
  2 nagas (Lair:2)
  7 orc warriors
  2 ice beasts
  3 ogres
  A sky beast (D:5)
  3 centaurs
  A phantom (D:5)
  3 bullfrogs
  3 wights
  4 killer bees (D:10)
  6 orc priests
  A starcursed mass (Abyss:1)
  A jelly (D:6)
  A hound (D:6)
  10 orc wizards
  A hell rat (Lair:5)
  3 adders
  2 river rats (Sewer)
  2 worms
  A dart slug (D:4)
  25 orcs
  2 quokkas
  3 ball pythons (Sewer)
  A bat (Lair:5)
  4 frilled lizards
  A goblin (D:4)
  9 rats (Sewer)
194 creatures vanquished.

Vanquished Creatures (others)
  A demonspawn corrupter (WizLab)
  A wizard (WizLab)
  A salamander (Snake:4)
  A raiju (Abyss:3)
  A small abomination (Abyss:3)
  15 knights
  An orc (D:15)
  23 fungi
  2 lurking horrors (Abyss:3)
  86 plants
  4 starspawn tentacles
136 creatures vanquished.

Grand Total: 1069 creatures vanquished

Table legend: (Time is in decaauts)
 A = Elapsed time spent in this place.
 B = Non-inter-level travel time spent in this place.
 C = Inter-level travel time spent in this place.
 D = Time resting spent in this place.
 E = Time spent auto-exploring this place.
 F = Levels seen in this place.
 G = Mean time per level.
                   A        B        C        D        E       F      G
               +--------+--------+--------+--------+--------+-----+--------+
         Total |  31548 |  29981 |   1567 |   3652 |  20916 |  34 |  927.9 |
       Dungeon |  13569 |  12713 |    856 |    761 |  10017 |  15 |  904.6 |
          Lair |   6245 |   5963 |    282 |    581 |   4379 |   5 | 1249.0 |
     Snake Pit |   5425 |   5256 |    169 |   1048 |   3526 |   4 | 1356.2 |
  Orcish Mines |   2133 |   1896 |    237 |    466 |    993 |   2 | 1066.5 |
        Vaults |    425 |    403 |     22 |      6 |    316 |   1 |  425.0 |
         Abyss |    816 |    816 |      0 |    244 |    202 |   3 |  272.0 |
         Sewer |    326 |    326 |      0 |      0 |    207 |   1 |  326.0 |
      Ice Cave |   1169 |   1169 |      0 |    103 |    812 |   1 | 1169.0 |
        Wizlab |    830 |    830 |      0 |    370 |    218 |   1 |  830.0 |
      Gauntlet |    608 |    608 |      0 |     73 |    244 |   1 |  608.0 |
               +--------+--------+--------+--------+--------+-----+--------+

Top non-repeatable levels by time:
 Snake:4: 2131 daAuts
  Lair:5: 1791 daAuts
  Lair:2: 1561 daAuts
   Orc:2: 1503 daAuts
 Snake:3: 1471 daAuts
    D:10: 1424 daAuts
    D:13: 1192 daAuts
   IceCv: 1169 daAuts
  Lair:4: 1129 daAuts
 Snake:2: 1004 daAuts
     D:6: 1000 daAuts
     D:4: 993 daAuts
     D:7: 955 daAuts
  Lair:1: 948 daAuts
    D:12: 940 daAuts

Table legend:
 A = Non-vault XP
 B = Vault XP
 C = Vault XP percentage of total XP
 D = Non-vault monster count
 E = Vault monster count
 F = Vault count percentage of total count
                 A         B        C        D         E       F
            +---------+---------+-------+---------+---------+-------
      Total |  149333 |  137831 |  48.0 |     569 |     367 |  39.2
            +---------+---------+-------+---------+---------+-------
        D:1 |       8 |       0 |   0.0 |       5 |       0 |   0.0
        D:2 |      49 |       4 |   7.5 |      14 |       2 |  12.5
        D:3 |      51 |       0 |   0.0 |      15 |       0 |   0.0
        D:4 |     257 |       0 |   0.0 |      18 |       0 |   0.0
        D:5 |    1016 |     178 |  14.9 |      24 |       2 |   7.7
        D:6 |     823 |     154 |  15.8 |      17 |       1 |   5.6
        D:7 |    1541 |     136 |   8.1 |      14 |       1 |   6.7
        D:8 |    1070 |       0 |   0.0 |      20 |       0 |   0.0
        D:9 |    1920 |     956 |  33.2 |       7 |       2 |  22.2
       D:10 |    2777 |    1165 |  29.6 |      21 |       8 |  27.6
       D:11 |    2258 |    3084 |  57.7 |      16 |       5 |  23.8
       D:12 |    5267 |       0 |   0.0 |      17 |       0 |   0.0
       D:13 |    4356 |    3736 |  46.2 |       6 |       9 |  60.0
       D:14 |   11115 |    1451 |  11.5 |      28 |       7 |  20.0
       D:15 |    4486 |    4165 |  48.1 |      11 |       8 |  42.1
     Lair:1 |    7359 |       0 |   0.0 |      25 |       0 |   0.0
     Lair:2 |    4736 |    1407 |  22.9 |      20 |       5 |  20.0
     Lair:3 |    5394 |       0 |   0.0 |      21 |       0 |   0.0
     Lair:4 |    3443 |     978 |  22.1 |      13 |       5 |  27.8
     Lair:5 |    3624 |   15839 |  81.4 |      14 |      67 |  82.7
    Snake:1 |   10778 |       0 |   0.0 |      19 |       0 |   0.0
    Snake:2 |   11293 |    5330 |  32.1 |      21 |       4 |  16.0
    Snake:3 |   11532 |    6766 |  37.0 |      19 |       8 |  29.6
    Snake:4 |   14876 |   33674 |  69.4 |      32 |      47 |  59.5
      Orc:1 |    5385 |    2673 |  33.2 |      40 |       2 |   4.8
      Orc:2 |    6029 |    5652 |  48.4 |      61 |      42 |  40.8
   Vaults:1 |   13051 |       0 |   0.0 |      16 |       0 |   0.0
    Abyss:1 |      55 |       0 |   0.0 |       2 |       0 |   0.0
    Abyss:3 |   14784 |     291 |   1.9 |      33 |       2 |   5.7
      Sewer |       0 |     331 | 100.0 |       0 |      44 | 100.0
      IceCv |       0 |   25555 | 100.0 |       0 |      52 | 100.0
     WizLab |       0 |   20493 | 100.0 |       0 |      29 | 100.0
   Gauntlet |       0 |    3813 | 100.0 |       0 |      15 | 100.0
            +---------+---------+-------+---------+---------+-------
